 Dungeon Crawl Stone Soup version 0.29.0-4-gdea44cf6ec (webtiles) character file.

Game seed: 16135886990786759580

178 qw the Chopper (level 5, -1/41 HPs)
             Began as a Ghoul Summoner on Sept 9, 2022.
             Splashed by a jelly's acid (8 damage)
             ... on level 4 of the Dungeon.
             The game lasted 00:01:45 (4671 turns).

qw the Chopper (Ghoul Summoner)                     Turns: 4671, Time: 00:01:46

Health: -1/41      AC: -2    Str: 13 (14) XL:     5   Next: 58%
Magic:  6/6        EV:  6    Int: 10      God:
Gold:   91         SH:  0    Dex: 15      Spells: 6/7 levels left

rFire   . . .      SeeInvis .   Y - +0 broad axe
rCold   + . .      Faith    .   (no shield)
rNeg    + + +      Spirit   .   f - +0 chain mail
rPois   inf        Reflect  .   (no helmet)
rElec   .          Harm     .   (no cloak)
rCorr   .          Rampage  .   g - +0 pair of gloves
Will    .....                   (no boots)
Stlth   ..........              (no amulet)
HPRegen 0.00/turn               e - +6 ring of dexterity
MPRegen 0.10/turn               (no ring)

@: corroded, inhibited regen
A: claws 1, cold resistance 1, negative energy resistance 3, inhibited
regeneration, torment resistance 2, devour on kill
a: no special abilities


You were on level 4 of the Dungeon.
You visited 1 branch of the dungeon, and saw 4 of its levels.

You collected 195 gold pieces.
You spent 104 gold pieces at shops.


Innate Abilities, Weirdness & Mutations

You are immune to poison.
You have sharp fingernails.
Your flesh is cold resistant. (rC+)
You are immune to negative energy. (rN+++)
You do not regenerate when monsters are visible.
You are immune to unholy pain and torment.
You thrive by killing the living.


   Skills:
 - Level 2.0 Fighting
 + Level 3.7 Axes
 - Level 1.6 Armour
 - Level 1.7 Dodging
 - Level 2.1 Stealth
 - Level 1.7 Spellcasting
 - Level 3.6 Summonings


You had 6 spell levels left.
You knew the following spells:

 Your Spells              Type           Power      Damage    Failure   Level
a - Summon Small Mammal   Summ           32%        N/A       94%         1

Your spell library contained the following spells:

 Spells                   Type           Power      Damage    Failure   Level
 Call Imp                 Summ           8%         N/A       98%         2
 Call Canine Familiar     Summ           8%         N/A       100%        3
 Summon Guardian Golem    Hex/Summ       4%         N/A       100%        3
 Summon Lightning Spire   Summ/Air       4%         N/A       100%        4

Inventory:

Hand Weapons
 m - a +0 whip
 Y - a +0 broad axe (weapon)
Armour
 f - a +0 chain mail (worn)
 g - a +0 pair of gloves (worn)
Jewellery
 e - a +6 ring of dexterity (left hand)
Scrolls
 a - a scroll of identify
 d - a scroll of teleportation
Potions
 b - 3 potions of heal wounds
 c - a potion of mutation
 j - a potion of haste

Dungeon Overview and Level Annotations

Branches:
Dungeon (4/15)
 Temple: D:4-7

Altars:

Shops:
D:3 *

Annotations:
D:3 1 runed translucent door, Crazy Yiuf


Message History

Enter note:
Enter note: The hobgoblin shouts!
You hit the hobgoblin.
The hobgoblin is moderately wounded.
The hobgoblin hits you.
An endoplasm comes into view.
The hobgoblin hits you but does no damage.
4640 ||| Stepping ~*~*~tactically~*~*~ (stealth).
The hobgoblin attacks as you move away! The hobgoblin hits you.
You slash the hobgoblin!
You kill the hobgoblin!
You feel better.
The endoplasm quivers.
You hit the endoplasm.
The endoplasm is heavily wounded.
The endoplasm hits you but does no damage.
You hit the endoplasm.
You kill the endoplasm!
Found a stone staircase leading up.
Enter note: A jelly and a goblin come into view.
The goblin shouts!
A kobold comes into view. It is wielding a +0 dagger.
You slash the goblin!
You kill the goblin!
You hit the jelly but do no damage. The acid corrodes you!
Your hands burn!
The jelly hits you but does no damage. The kobold hits you but does no damage.
The jelly hits you but does no damage.
You hit the jelly. The acid corrodes you!
Your hands burn!
The jelly is moderately wounded.
You hit the kobold but do no damage. The jelly hits you. The acid corrodes you!
You are splashed with acid!
The kobold hits you with a +0 dagger.
You barely miss the jelly.
The jelly is moderately wounded.
You closely miss the kobold. The kobold hits you with a +0 dagger.
The jelly hits you.
You are splashed with acid!
The jelly hits you.
You are splashed with acid!
You die...

..P... .. ..P.. #.##
.... ..< ...
#.#####.. #
#.....#.# ...
##.#.....#J##....
.........@K......
.#.......##....
#.......# #
#....#....#
.######....#
...........########
........##.##.....#
........##..#.....##
........###......#.#


You could see a jelly and a kobold.

Vanquished Creatures
  A hound (D:3)
  Jessica (D:2)
  Terence (D:3)
  3 adders
  A worm (D:3)
  An orc (D:3)
  9 ball pythons
  2 bats
  4 endoplasms
  3 giant cockroaches
  3 goblins
  3 hobgoblins
  6 jackals (D:1)
  4 quokkas
  2 frilled lizards (D:3)
  7 kobolds
  3 rats
54 creatures vanquished.

Vanquished Creatures (collateral kills)
  An endoplasm (D:1)
  A giant cockroach (D:1)
  A hobgoblin (D:1)
  3 jackals (D:1)
  A bat (D:1)
  A frilled lizard (D:1)
  2 kobolds (D:1)
10 creatures vanquished.

Vanquished Creatures (others)
  3 fungi (D:3)
3 creatures vanquished.

Grand Total: 67 creatures vanquished

Notes
Turn   | Place    | Note
-------+----------+-------------------------------------------
     0 | D:1      | qw the Ghoul Summoner began the quest for the Orb.
     0 | D:1      | Reached XP level 1. HP: 14/14 MP: 2/2
     0 | D:1      | 0 ||| qw: Version: 0.1-a-113-g051387a
     0 | D:1      | 0 ||| qw: Game counter: 7007
     0 | D:1      | 0 ||| qw: Always use a shield: true
     0 | D:1      | 0 ||| qw: God list: Okawaru
     0 | D:1      | 0 ||| qw: Allow faded altars: false
     0 | D:1      | 0 ||| qw: Do Orc after D:15 true
     0 | D:1      | 0 ||| qw: Do second Lair branch before Depths: true
     0 | D:1      | 0 ||| qw: Lair rune preference: random
     0 | D:1      | 0 ||| qw: Plans: Normal
     0 | D:1      | 0 ||| PLANNING D:1-11
    29 | D:1      | 29 ||| CASTING Summon Small Mammal
    30 | D:1      | 30 ||| CASTING Summon Small Mammal
    56 | D:1      | 56 ||| CASTING Summon Small Mammal
    57 | D:1      | 57 ||| CASTING Summon Small Mammal
   142 | D:1      | 142 ||| CASTING Summon Small Mammal
   143 | D:1      | 143 ||| CASTING Summon Small Mammal
   146 | D:1      | Reached skill level 1 in Axes
   199 | D:1      | 199 ||| Wielding weapon +0 dagger.
   218 | D:1      | 218 ||| SWAPPING to +0 spear.
   219 | D:1      | 219 ||| DROPPING +0 dagger.
   240 | D:1      | 240 ||| CASTING Summon Small Mammal
   241 | D:1      | 241 ||| CASTING Summon Small Mammal
   246 | D:1      | 246 ||| Stepping ~*~*~tactically~*~*~ (outnumbered).
   247 | D:1      | 247 ||| Stepping ~*~*~tactically~*~*~ (outnumbered).
   252 | D:1      | 252 ||| CASTING Summon Small Mammal
   254 | D:1      | Reached XP level 2. HP: 16/22 MP: 0/3
   254 | D:1      | 254 ||| Stepping ~*~*~tactically~*~*~ (outnumbered).
   260 | D:1      | Reached skill level 1 in Fighting
   263 | D:1      | 263 ||| Stepping ~*~*~tactically~*~*~ (outnumbered).
   264 | D:1      | 264 ||| Stepping ~*~*~tactically~*~*~ (outnumbered).
   265 | D:1      | 265 ||| Stepping ~*~*~tactically~*~*~ (outnumbered).
   266 | D:1      | 266 ||| CASTING Summon Small Mammal
   267 | D:1      | 267 ||| Stepping ~*~*~tactically~*~*~ (outnumbered).
   268 | D:1      | 268 ||| Stepping ~*~*~tactically~*~*~ (outnumbered).
   276 | D:1      | 276 ||| CASTING Summon Small Mammal
   283 | D:1      | HP: 5/23 [quokka (4)]
   566 | D:1      | 566 ||| DROPPING +1 dagger of venom.
   571 | D:1      | 571 ||| CASTING Summon Small Mammal
   572 | D:1      | 572 ||| CASTING Summon Small Mammal
   573 | D:1      | 573 ||| CASTING Summon Small Mammal
   619 | D:1      | 619 ||| CASTING Summon Small Mammal
   620 | D:1      | 620 ||| CASTING Summon Small Mammal
   621 | D:1      | 621 ||| CASTING Summon Small Mammal
   657 | D:1      | 657 ||| CASTING Summon Small Mammal
   658 | D:1      | 658 ||| CASTING Summon Small Mammal
   659 | D:1      | 659 ||| CASTING Summon Small Mammal
   697 | D:1      | 697 ||| CASTING Summon Small Mammal
   698 | D:1      | 698 ||| CASTING Summon Small Mammal
   699 | D:1      | 699 ||| CASTING Summon Small Mammal
   709 | D:1      | 709 ||| CASTING Summon Small Mammal
   748 | D:1      | 748 ||| CASTING Summon Small Mammal
   749 | D:1      | 749 ||| CASTING Summon Small Mammal
   750 | D:1      | 750 ||| CASTING Summon Small Mammal
   761 | D:1      | 761 ||| CASTING Summon Small Mammal
   762 | D:1      | 762 ||| Stepping ~*~*~tactically~*~*~ (outnumbered).
   802 | D:1      | 802 ||| CASTING Summon Small Mammal
   803 | D:1      | 803 ||| CASTING Summon Small Mammal
   804 | D:1      | 804 ||| CASTING Summon Small Mammal
   860 | D:1      | 860 ||| CASTING Summon Small Mammal
   861 | D:1      | 861 ||| CASTING Summon Small Mammal
   862 | D:1      | 862 ||| CASTING Summon Small Mammal
   906 | D:1      | 906 ||| CASTING Summon Small Mammal
   907 | D:1      | 907 ||| CASTING Summon Small Mammal
   908 | D:1      | 908 ||| CASTING Summon Small Mammal
   918 | D:1      | 918 ||| CASTING Summon Small Mammal
   920 | D:1      | Reached XP level 3. HP: 27/28 MP: 0/4
   978 | D:1      | 978 ||| CASTING Summon Small Mammal
   979 | D:1      | 979 ||| CASTING Summon Small Mammal
   980 | D:1      | 980 ||| CASTING Summon Small Mammal
   981 | D:1      | 981 ||| CASTING Summon Small Mammal
  1037 | D:1      | 1037 ||| CASTING Summon Small Mammal
  1038 | D:1      | 1038 ||| CASTING Summon Small Mammal
  1039 | D:1      | 1039 ||| CASTING Summon Small Mammal
  1040 | D:1      | 1040 ||| CASTING Summon Small Mammal
  1048 | D:1      | 1048 ||| CASTING Summon Small Mammal
  1097 | D:1      | 1097 ||| CASTING Summon Small Mammal
  1098 | D:1      | 1098 ||| CASTING Summon Small Mammal
  1099 | D:1      | 1099 ||| CASTING Summon Small Mammal
  1100 | D:1      | 1100 ||| CASTING Summon Small Mammal
  1108 | D:1      | 1108 ||| CASTING Summon Small Mammal
  1158 | D:1      | 1158 ||| CASTING Summon Small Mammal
  1159 | D:1      | 1159 ||| CASTING Summon Small Mammal
  1160 | D:1      | 1160 ||| CASTING Summon Small Mammal
  1161 | D:1      | 1161 ||| CASTING Summon Small Mammal
  1169 | D:1      | 1169 ||| CASTING Summon Small Mammal
  1295 | D:1      | 1295 ||| CASTING Summon Small Mammal
  1296 | D:1      | 1296 ||| CASTING Summon Small Mammal
  1297 | D:1      | 1297 ||| CASTING Summon Small Mammal
  1298 | D:1      | 1298 ||| CASTING Summon Small Mammal
  1306 | D:1      | 1306 ||| CASTING Summon Small Mammal
  1317 | D:1      | 1317 ||| CASTING Summon Small Mammal
  1328 | D:1      | 1328 ||| CASTING Summon Small Mammal
  1701 | D:1      | 1701 ||| CASTING Summon Small Mammal
  1702 | D:1      | 1702 ||| CASTING Summon Small Mammal
  1703 | D:1      | 1703 ||| CASTING Summon Small Mammal
  1704 | D:1      | 1704 ||| CASTING Summon Small Mammal
  1749 | D:1      | Found a faded altar of an unknown god.
  1750 | D:1      | 1750 ||| CASTING Summon Small Mammal
  1751 | D:1      | 1751 ||| CASTING Summon Small Mammal
  1752 | D:1      | 1752 ||| CASTING Summon Small Mammal
  1753 | D:1      | 1753 ||| CASTING Summon Small Mammal
  1902 | D:1      | 1902 ||| UPGRADING to +0 leather armour.
  1912 | D:1      | 1912 ||| DROPPING +0 robe.
  1913 | D:1      | 1913 ||| UPGRADING to +0 pair of gloves.
  1918 | D:1      | 1918 ||| UPGRADING to +0 scale mail.
  1928 | D:1      | 1928 ||| DROPPING +0 leather armour.
  1929 | D:1      | 1929 ||| READING scroll labelled SOSHRU TO LYL.
  1930 | D:1      | 1930 ||| DROPPING potion of magic.
  2313 | D:2      | Noticed Jessica
  2327 | D:2      | Killed Jessica
  2328 | D:2      | Reached XP level 4. HP: 24/36 MP: 5/5
  2506 | D:2      | Reached skill level 3 in Axes
  2998 | D:2      | 2998 ||| UPGRADING to +6 ring of dexterity.
  2999 | D:2      | 2999 ||| DRINKING 2 metallic amethyst potions.
  3000 | D:2      | 3000 ||| DRINKING 2 silvery potions.
  3001 | D:2      | 3001 ||| READING 4 scrolls of identify.
  3001 | D:2      | 3001 ||| IDENTIFYING fizzy ruby potion
  3002 | D:2      | 3002 ||| READING 3 scrolls of identify.
  3002 | D:2      | 3002 ||| IDENTIFYING cyan potion
  3003 | D:2      | 3003 ||| READING 2 scrolls of identify.
  3003 | D:2      | 3003 ||| IDENTIFYING smoky yellow potion
  3004 | D:2      | 3004 ||| DROPPING potion of lignification.
  3005 | D:2      | 3005 ||| DROPPING potion of invisibility.
  3006 | D:2      | 3006 ||| DROPPING potion of brilliance.
  3109 | D:3      | 3109 ||| Stepping ~*~*~tactically~*~*~ (reaching).
  3110 | D:3      | 3110 ||| Stepping ~*~*~tactically~*~*~ (reaching).
  3112 | D:3      | 3112 ||| Stepping ~*~*~tactically~*~*~ (reaching).
  3114 | D:3      | 3114 ||| Stepping ~*~*~tactically~*~*~ (reaching).
  3115 | D:3      | 3115 ||| Stepping ~*~*~tactically~*~*~ (reaching).
  3117 | D:3      | 3117 ||| Stepping ~*~*~tactically~*~*~ (reaching).
  3119 | D:3      | 3119 ||| Stepping ~*~*~tactically~*~*~ (reaching).
  3120 | D:3      | 3120 ||| Stepping ~*~*~tactically~*~*~ (reaching).
  3122 | D:3      | 3122 ||| Stepping ~*~*~tactically~*~*~ (reaching).
  3124 | D:3      | 3124 ||| Stepping ~*~*~tactically~*~*~ (reaching).
  3125 | D:3      | 3125 ||| Stepping ~*~*~tactically~*~*~ (reaching).
  3127 | D:3      | 3127 ||| Stepping ~*~*~tactically~*~*~ (reaching).
  3129 | D:3      | 3129 ||| Stepping ~*~*~tactically~*~*~ (reaching).
  3130 | D:3      | 3130 ||| Stepping ~*~*~tactically~*~*~ (reaching).
  3132 | D:3      | 3132 ||| Stepping ~*~*~tactically~*~*~ (reaching).
  3134 | D:3      | 3134 ||| Stepping ~*~*~tactically~*~*~ (reaching).
  3135 | D:3      | 3135 ||| Stepping ~*~*~tactically~*~*~ (reaching).
  3137 | D:3      | 3137 ||| Stepping ~*~*~tactically~*~*~ (reaching).
  3139 | D:3      | 3139 ||| Stepping ~*~*~tactically~*~*~ (reaching).
  3140 | D:3      | 3140 ||| Stepping ~*~*~tactically~*~*~ (reaching).
  3142 | D:3      | 3142 ||| Stepping ~*~*~tactically~*~*~ (reaching).
  3144 | D:3      | 3144 ||| Stepping ~*~*~tactically~*~*~ (reaching).
  3145 | D:3      | 3145 ||| Stepping ~*~*~tactically~*~*~ (reaching).
  3147 | D:3      | 3147 ||| Stepping ~*~*~tactically~*~*~ (reaching).
  3149 | D:3      | 3149 ||| Stepping ~*~*~tactically~*~*~ (reaching).
  3150 | D:3      | 3150 ||| Stepping ~*~*~tactically~*~*~ (reaching).
  3152 | D:3      | 3152 ||| Stepping ~*~*~tactically~*~*~ (reaching).
  3154 | D:3      | 3154 ||| Stepping ~*~*~tactically~*~*~ (reaching).
  3155 | D:3      | 3155 ||| Stepping ~*~*~tactically~*~*~ (reaching).
  3157 | D:3      | 3157 ||| Stepping ~*~*~tactically~*~*~ (reaching).
  3159 | D:3      | 3159 ||| Stepping ~*~*~tactically~*~*~ (reaching).
  3160 | D:3      | 3160 ||| Stepping ~*~*~tactically~*~*~ (reaching).
  3173 | D:3      | 3173 ||| STAIRDANCE
  3279 | D:2      | 3279 ||| READING scroll labelled PAIQUO GOICZAR.
  3290 | D:3      | 3290 ||| Stepping ~*~*~tactically~*~*~ (stealth).
  3292 | D:3      | 3292 ||| Stepping ~*~*~tactically~*~*~ (stealth).
  3338 | D:3      | 3338 ||| Stepping ~*~*~tactically~*~*~ (stealth).
  3339 | D:3      | 3339 ||| Stepping ~*~*~tactically~*~*~ (stealth).
  3500 | D:3      | 3500 ||| SWAPPING to +0 broad axe.
  3501 | D:3      | 3501 ||| DROPPING +0 spear.
  3503 | D:3      | Noticed Terence
  3521 | D:3      | Killed Terence
  3522 | D:3      | Reached skill level 1 in Armour
  3522 | D:3      | Reached XP level 5. HP: 23/41 MP: 6/6
  3821 | D:3      | 3821 ||| STAIRDANCE
  3857 | D:2      | 3857 ||| UPGRADING to +0 chain mail.
  3867 | D:2      | 3867 ||| DROPPING +0 scale mail.
  3868 | D:2      | 3868 ||| READING 2 scrolls labelled ZYZOUQ CAKKOH.
  3869 | D:2      | 3869 ||| READING 3 scrolls of identify.
  3869 | D:2      | 3869 ||| IDENTIFYING fizzy brown potion
  3870 | D:2      | 3870 ||| READING 2 scrolls of identify.
  3870 | D:2      | 3870 ||| IDENTIFYING grey potion
  3871 | D:2      | 3871 ||| DROPPING potion of degeneration.
  3872 | D:2      | 3872 ||| DROPPING scroll of blinking.
  3939 | D:3      | Found Igaeseli's General Store.
  3942 | D:3      | 3942 ||| SHOPLISTING +4 ring of evasion (468 gold, have
                  | 195).
  3942 | D:3      | 3942 ||| BUYING potion of heal wounds (65 gold).
  3942 | D:3      | Bought a potion of heal wounds for 65 gold pieces
  3942 | D:3      | 3942 ||| BUYING scroll of teleportation (39 gold).
  3942 | D:3      | Bought a scroll of teleportation for 39 gold pieces
  4109 | D:3      | Found a runed translucent door.
  4110 | D:3      | Noticed Crazy Yiuf
  4289 | D:3      | 4289 ||| READING 2 scrolls of identify.
  4289 | D:3      | 4289 ||| IDENTIFYING pink potion
  4290 | D:3      | 4290 ||| DROPPING potion of ambrosia.
  4345 | D:4      | 4345 ||| STAIRDANCE
  4348 | D:4      | 4348 ||| STAIRDANCE
  4456 | D:4      | 4456 ||| STAIRDANCE
  4640 | D:4      | 4640 ||| Stepping ~*~*~tactically~*~*~ (stealth).
  4671 | D:4      | HP: 9/41 [acid (7)]
  4671 | D:4      | Splashed by a jelly's acid

Levels and vault maps discovered:
D:1:      nagdon_arrival_zigzag_paths, layout_basic,
          hellmonk_ecumenical_altar_slurped_away
D:2:      layout_loops_corners, minmay_heptomino_h4, uniq_jessica
D:3:      layout_loops_ring, serial_shops, nicolae_shop_behind_doors,
          uniq_terence, uniq_crazy_yiuf_cottage
D:4:      layout_basic, gammafunk_temple_overflow_pools, tso_altar,
          serial_bayou, serial_bayou_pond_d, serial_bayou_pond_d,
          serial_bayou_pond_a, serial_bayou_pond_a, hangedman_decor_slide_cut,
          hangedman_glass_teeth, corexii_leaking_fountain

Skill      XL: |  1  2  3  4 |
---------------+-------------+-----
Axes           | 1 2 3 |  3.7
Fighting       | 1 2 |  2.0
Armour         | 1 |  1.6
Dodging        | |  1.7
Stealth        | |  2.1
Spellcasting   | |  1.7
Summonings     | |  3.6

Action                   |  1- 3 |  4- 6 || total
-------------------------+-------+-------++-------
Melee: Unarmed           |    12 |       ||    12
       Spear             |   132 |    94 ||   226
       Punch             |     1 |     2 ||     3
       Broad axe         |       |    52 ||    52
 Cast: Summon Small Mamm |    64 |       ||    64
  Use: Scroll            |     1 |     8 ||     9
       Potion            |       |     2 ||     2
 Stab: Distracted        |     2 |       ||     2
Armor: Robe              |    11 |       ||    11
       Scale mail        |    18 |    36 ||    54
       Chain mail        |       |    24 ||    24
Dodge: Dodged            |    84 |    41 ||   125

Table legend:
 A = Non-vault XP
 B = Vault XP
 C = Vault XP percentage of total XP
 D = Non-vault monster count
 E = Vault monster count
 F = Vault count percentage of total count
                 A         B        C        D         E       F
            +---------+---------+-------+---------+---------+-------
      Total |     174 |      81 |  31.8 |      57 |       7 |  10.9
            +---------+---------+-------+---------+---------+-------
        D:1 |      52 |       2 |   3.7 |      31 |       1 |   3.1
        D:2 |      30 |      43 |  58.9 |       4 |       5 |  55.6
        D:3 |      83 |      36 |  30.3 |      17 |       1 |   5.6
        D:4 |       9 |       0 |   0.0 |       5 |       0 |   0.0
            +---------+---------+-------+---------+---------+-------
